 Dungeon Crawl Stone Soup version 0.14-a0-2374-ge879b5e (webtiles) character file.

13265 Medar the Cleaver (level 12, -3/115 HPs)
             Began as a Formicid Arcane Marksman on Feb 1, 2014.
             Was a High Priest of Makhleb.
             Slain by a death yak (7 damage)
             ... on Level 3 of the Lair of Beasts.
             The game lasted 01:01:39 (17290 turns).

Medar the Cleaver (Formicid Arcane Marksman)       Turns: 17290, Time: 01:01:39

HP  -3/115       AC 26     Str 21      XL: 12   Next: 49%
MP  19/23        EV  1     Int 15      God: Makhleb [*****.]
Gold 845         SH  4     Dex 10      Spells:  5 memorised,  4 levels left

rFire  . . .     SeeInvis .     a - +2,+1 war axe (drain)
rCold  . . .     Clarity  .     o - melded +8 chain mail "Jeozats" {Dam+3 Stlth++}
rNeg   + + +     Conserve .     l - +0 buckler
rPois  +         rCorr    +     (helmet unavailable)
rElec  .         rRot     .     R - melded +0 elf cloak
SustAb . .       Spirit   .     x - melded +2 pair of gloves
rMut   .         Warding  .     (boots currently unavailable)
Saprov . . .     Stasis   +     s - amulet of resist corrosion
MR     +....                    n - +2 ring of strength
                                (no ring)

@: tree-form, somewhat resistant to hostile enchantments, unstealthy
A: permanent stasis, dig shafts and tunnels, four strong arms, poison weakness,
(antennae 0), (exoskeleton 0)
a: Dig, Shaft Self, Minor Destruction, Lesser Servant of Makhleb, Major
Destruction, Greater Servant of Makhleb, Renounce Religion


You were on level 3 of the Lair of Beasts.
You worshipped Makhleb.
Makhleb was extremely pleased with you.
You were not hungry.
You were an animated tree.
You visited 3 branches of the dungeon, and saw 14 of its levels.
You also visited: Bailey.

You collected 873 gold pieces.
You spent 28 gold pieces at shops.

Inventory:

Hand weapons
 a - a +2,+1 war axe of draining (weapon)
 b - a +0 blowgun
 I - a +3,+5 dwarven hand axe
Missiles
 c - 3 throwing nets
 p - 13 darts of flame
 w - 22 poisoned needles
 A - 7 curare-tipped needles
 J - 3 tomahawks (quivered)
 W - a large rock
Armour
 l - a +0 buckler (worn)
 o - the +8 chain mail "Jeozats" (melded) {Dam+3 Stlth++}
   (You found it on level 3 of the Lair of Beasts)

   It affects your damage with ranged weapons and melee attacks (+3).
   It makes you much more stealthy.
 x - a +2 pair of gloves (melded)
 R - a +0 elven cloak (melded)
 T - a +1 dwarven ring mail of poison resistance
Magical devices
 t - a wand of teleportation (4)
 F - a wand of lightning (1)
 O - a wand of flame (4)
 Q - a wand of slowing (7)
 S - a wand of disintegration (12)
 U - a wand of lightning (7)
Comestibles
 j - 3 bread rations
 r - a rotting chunk of shark flesh
 v - a choko
 D - a beef jerky
Scrolls
 d - a scroll of amnesia {unknown}
 e - a scroll of enchant weapon II
 g - 6 scrolls of remove curse
 k - a scroll of fog {unknown}
 m - a scroll of enchant weapon I
 q - a scroll of identify
 u - a scroll of magic mapping
Jewellery
 i - an uncursed ring of ice
 n - a +2 ring of strength (right branch)
 s - an amulet of resist corrosion (around neck)
Potions
 f - 3 potions of agility {unknown}
 h - 7 potions of curing
 B - a potion of cure mutation {unknown}
 K - a potion of brilliance
 L - 3 potions of might
 P - a potion of heal wounds
 X - a potion of invisibility {unknown}
 Y - a potion of restore abilities


   Skills:
 - Level 5.3 Fighting
 + Level 12.1 Axes
 - Level 2.5 Throwing
 - Level 4.0 Armour
 - Level 1.7 Dodging
 - Level 5.8 Shields
 - Level 3.1 Spellcasting
 - Level 6.5 Hexes
 - Level 5.0 Charms
 - Level 3.1 Air Magic
 - Level 7.6 Invocations


You had 4 spell levels left.
You knew the following spells:

 Your Spells              Type           Power        Failure   Level  Hunger
d - Slow                  Hex            ###.....     1%          2    N/A
e - Swiftness             Chrm/Air       ##......     8%          2    N/A
f - Cause Fear            Hex            ###.......   17%         4    N/A
g - Enslavement           Hex            ###.....     17%         4    N/A
s - Corona                Hex            ###....      1%          1    N/A

Dungeon Overview and Level Annotations

Branches:
Dungeon (10/16)            Temple (1/1) D:6             Orc (0/4) D:9
   Lair (3/8) D:10
  Swamp: Lair:3-6    Shoals: Lair:3-6     Snake: Lair:3-6    Spider: Lair:3-6

Altars:
Ashenzari
Cheibriados
Dithmengos
Elyvilon
Fedhas
Kikubaaqudgha
Makhleb
Nemelex Xobeh
Okawaru
Sif Muna
Trog
Vehumet
Xom
Yredelemnul
Zin
The Shining One

Shops:
D:9 [


Innate Abilities, Weirdness & Mutations

Your are under a permanent stasis effect.
You can dig through walls and to a lower floor.
Your four strong arms can wield any weapon, most with a shield.
((You are susceptible to poison.))*
((You have a pair of large antennae on your head (SInv).))*
((Your body is surrounded by an exoskeleton. (AC +1)))*


Message History

The death yak completely misses you. Something gores your neqoxec.
You barely miss the death yak.
The death yak is moderately wounded.
Your neqoxec gestures at the death yak.
The death yak resists with almost no effort.
Your iron imp hits the death yak but does no damage.
The death yak gores you!
* * * LOW HITPOINT WARNING * * *
Something barely misses your neqoxec.
You hit the death yak. You drain the death yak!
The death yak is moderately wounded.
Your neqoxec hits the death yak!
The death yak gores you but does no damage.
Something gores your neqoxec!
Your neqoxec dies!
You hit the death yak. You drain the death yak!
The death yak is heavily wounded.
Your iron imp disappears in a puff of smoke!
The death yak gores you!
You die...

##..........f#...##
#f..........#######
##..........#####.## ##
#...........##f...#
.########.........###....###
...P.##.........######.....##
...............####.##......#
...............###.....[....#
2#..........<.Y#♣##.......P##
##..#...<....F§Y##........##
####............#......?.#
#...................#f#
##.........%......f.###
####...............###
#.#f..........{..###
##..............2#
#....f........Y..##


You could see a death yak and a spiny frog (wandering).

Vanquished Creatures
  A death yak (Lair:3)
  Pikel (D:6)
  2 hill giants (D:10)
  The ghost of SublimeSnake the Purifying Kobold, an experienced KoHe of Elyvilon (D:6)
  A feature mimic (Lair:1)
  A troll (D:9)
  A two-headed ogre (D:8)
  A komodo dragon (Lair:2)
  The ghost of ThermosAquaticus the Poker, an average MfSk of Okawaru (D:4)
  2 blink frogs (Lair:2)
  4 yaks (Lair:2)
  6 hippogriffs
  2 wolves (Lair:1)
  Menkaure (D:4)
  2 porcupines
  3 slaves (D:6)
  5 orc warriors
  2 ice beasts
  4 ogres
  2 phantoms
  2 sharks (Lair:3)
  2 sky beasts
  5 centaurs
  2 crocodiles
  A big kobold (D:9)
  Sigmund (D:3)
  2 water moccasins
  Blork the orc (D:5)
  4 giant frogs
  A giant slug (Lair:1)
  2 gnoll sergeants (D:8)
  An agate snail (Lair:1)
  An eye of draining (D:10)
  5 wights (D:8)
  An electric eel (Lair:3)
  A jellyfish (Lair:3)
  2 crimson imps
  A centaur zombie (D:5)
  A jelly (D:7)
  2 gnoll shamans (D:8)
  2 goliath beetles
  11 hounds
  3 orc priests
  A scorpion (D:7)
  8 orc wizards
  A big fish (Lair:3)
  3 iguanas
  6 worker ants
  A big kobold zombie (D:7)
  Ijyb (D:4)
  An ogre zombie (D:8)
  A mummy (D:9)
  A hound skeleton (D:7)
  19 gnolls
  2 giant centipedes
  23 green rats
  2 giant mites
  A sheep (Lair:3)
  15 adders
  6 worms
  2 orc zombies
  2 giant eyeballs
  An ooze (D:1)
  5 giant geckos
  33 orcs
  14 bats
  A bat skeleton (D:4)
  A giant cockroach (D:5)
  12 goblins
  16 hobgoblins
  8 quokkas
  A giant gecko skeleton (D:4)
  6 giant newts
  2 goblin zombies (D:5)
  10 jackals
  16 kobolds
  A kobold skeleton (D:7)
  An orc skeleton (D:6)
  39 rats
  A rat zombie (D:6)
  A plant (D:10)
362 creatures vanquished.

Vanquished Creatures (collateral kills)
  A catoblepas (Lair:3)
  A spiny frog (Lair:2)
  6 blink frogs
  4 yaks (Lair:2)
  3 wolves (Lair:1)
  A giant slug (Lair:2)
  An agate snail (Lair:1)
  7 sheep (Lair:3)
  An adder (Lair:2)
  A giant centipede (Lair:3)
  2 jackals (Lair:3)
  A rat (Lair:2)
29 creatures vanquished.

Vanquished Creatures (others)
  A cacodemon (Lair:3)
  2 orange demons
  A neqoxec (Lair:3)
  2 ufetubi (Lair:2)
  A giant gecko (D:6)
  A plant (D:10)
8 creatures vanquished.

Grand Total: 399 creatures vanquished

Notes
Turn   | Place    | Note
--------------------------------------------------------------
     0 | D:1      | Medar, the Formicid Arcane Marksman, began the quest for the Orb.
     0 | D:1      | Reached XP level 1. HP: 13/13 MP: 2/2
    28 | D:1      | Reached XP level 2. HP: 8/18 MP: 3/3
   693 | D:1      | Reached XP level 3. HP: 23/23 MP: 4/4
   961 | D:2      | Found a burning altar of Makhleb.
   961 | D:2      | Noticed an Executioner
   964 | D:2      | Noticed a smoke demon
   964 | D:2      | Noticed a neqoxec
   966 | D:2      | Became a worshipper of Makhleb the Destroyer
   988 | D:2      | Reached skill level 1 in Axes
  1079 | D:2      | Reached XP level 4. HP: 19/28 MP: 5/5
  1083 | D:2      | Learned a level 2 spell: Slow
  1923 | D:3      | Noticed Sigmund
  1927 | D:3      | Killed Sigmund
  1927 | D:3      | Reached skill level 4 in Axes
  1927 | D:3      | Reached XP level 5. HP: 33/33 MP: 4/7
  2034 | D:3      | Found a white marble altar of Elyvilon.
  2063 | D:3      | Acquired Makhleb's first power
  2063 | D:3      | Reached XP level 6. HP: 38/38 MP: 4/8
  2414 | D:3      | Reached skill level 5 in Axes
  2704 | D:4      | Acquired Makhleb's second power
  2714 | D:4      | Reached XP level 7. HP: 43/43 MP: 7/9
  2739 | D:4      | Noticed ThermosAquaticus' ghost (average MfSk)
  2744 | D:4      | Killed ThermosAquaticus' ghost
  2744 | D:4      | Reached skill level 6 in Axes
  2756 | D:4      | Learned a level 4 spell: Cause Fear
  2764 | D:4      | Noticed Ijyb
  2764 | D:4      | Noticed Menkaure
  2791 | D:4      | Killed Ijyb
  2985 | D:4      | Killed Menkaure
  2985 | D:4      | Reached skill level 5 in Hexes
  2985 | D:4      | Reached XP level 8. HP: 25/48 MP: 8/10
  3450 | D:4      | Found a deep blue altar of Sif Muna.
  3780 | D:5      | Entered Level 5 of the Dungeon
  3781 | D:5      | Noticed Blork the orc
  3788 | D:5      | Killed Blork the orc
  3836 | D:5      | Acquired Makhleb's third power
  4368 | D:5      | Reached skill level 5 in Invocations
  4448 | D:5      | Reached XP level 9. HP: 27/53 MP: 12/17
  4792 | D:6      | Reached skill level 7 in Axes
  4938 | D:6      | Found a staircase to the Ecumenical Temple.
  4944 | Temple   | Entered the Ecumenical Temple
  5145 | D:6      | Acquired Makhleb's fourth power
  5165 | D:6      | Reached skill level 1 in Shields
  5200 | D:6      | Noticed Pikel
  5246 | D:6      | Noticed SublimeSnake's ghost (experienced KoHe)
  5271 | D:6      | Killed SublimeSnake's ghost
  5872 | D:6      | Learned a level 2 spell: Swiftness
  6004 | D:7      | Reached skill level 5 in Shields
  6154 | D:7      | Reached XP level 10. HP: 39/58 MP: 20/20
  6332 | D:7      | Reached skill level 1 in Charms
  6387 | D:7      | Reached skill level 1 in Air Magic
  6475 | D:7      | Found a shimmering altar of Xom.
  7250 | D:8      | Found a shattered altar of Ashenzari.
  8112 | D:8      | Learned a level 4 spell: Enslavement
  8469 | D:8      | Reached skill level 5 in Charms
  8699 | D:9      | Found a flagged portal.
  8771 | Bailey   | Entered a bailey
  8772 | Bailey   | Noticed an orc knight
  9281 | D:9      | Found Smok's Armour Shoppe.
  9296 | D:9      | Found a staircase to the Orcish Mines.
  9359 | D:9      | Bought a +0 elven cloak for 28 gold pieces
 10225 | D:9      | You fall through a shaft!
 10225 | D:10     | Entered Level 10 of the Dungeon
 10265 | D:9      | Reached XP level 11. HP: 47/63 MP: 20/22
 10810 | D:10     | Found a staircase to the Lair.
 11299 | D:10     | Acquired Makhleb's fifth power
 11847 | D:10     | Noticed a hill giant
 11865 | D:10     | Killed a hill giant
 11865 | D:10     | Reached skill level 5 in Fighting
 12024 | D:10     | Noticed a hill giant
 12543 | D:6      | Killed Pikel
 12543 | D:6      | Reached skill level 8 in Axes
 12625 | D:6      | Found a staircase to the Ecumenical Temple.
 13119 | Lair:1   | Entered Level 1 of the Lair of Beasts
 13183 | Lair:1   | Found a labyrinth entrance.
 13194 | Lair:1   | the labyrinth entrance was a mimic.
 13500 | D:10     | Killed a hill giant
 13500 | D:10     | Reached skill level 9 in Axes
 14902 | Lair:2   | Reached skill level 10 in Axes
 15244 | Lair:2   | Reached XP level 12. HP: 58/77 MP: 23/23
 15829 | Lair:2   | Reached skill level 11 in Axes
 16116 | Lair:3   | Noticed a catoblepas
 16227 | Lair:3   | Killed a catoblepas
 16981 | Lair:3   | Got a smoking chain mail
 17076 | Lair:3   | Identified the +8 chain mail "Jeozats" {Dam+3 Stlth++} (You found it on level 3 of the Lair of Beasts)
 17233 | Lair:3   | Noticed a death yak
 17233 | Lair:3   | Noticed a death yak
 17234 | Lair:3   | Noticed a death yak
 17235 | Lair:3   | Noticed a death yak
 17236 | Lair:3   | Noticed a death yak
 17252 | Lair:3   | Killed a death yak
 17252 | Lair:3   | Reached skill level 12 in Axes
 17288 | Lair:3   | HP: 3/115 [death yak (7)]
 17290 | Lair:3   | Slain by a death yak

Action                   |  1- 3 |  4- 6 |  7- 9 | 10-12 || total
-------------------------+-------+-------+-------+-------++-------
Melee: Unarmed           |    32 |       |       |       ||    32
       Short sword       |    36 |       |       |       ||    36
       Hand axe          |    28 |    85 |   200 |   622 ||   935
       War axe           |       |       |       |   121 ||   121
 Fire: Blowgun           |       |       |       |     7 ||     7
Throw: Large rock        |     8 |    23 |    40 |    33 ||   104
       Tomahawk          |       |       |       |    11 ||    11
       Throwing net      |       |       |       |     2 ||     2
 Cast: Corona            |       |    22 |    40 |    31 ||    93
       Slow              |       |     3 |    10 |    14 ||    27
       Swiftness         |       |       |       |     1 ||     1
       Cause Fear        |       |       |       |     2 ||     2
Invok: Minor Destruction |       |       |    17 |    84 ||   101
       Major Destruction |       |       |     1 |    47 ||    48
       Lesser Servant of |       |       |       |    11 ||    11
       Greater Servant o |       |       |       |     3 ||     3
Evoke: Wand              |       |     1 |       |    11 ||    12
  Use: Scroll            |       |     5 |     6 |    15 ||    26
       Potion            |       |     1 |     2 |     6 ||     9
 Stab: Distracted        |       |       |       |     1 ||     1
